 Dungeon Crawl Stone Soup version 0.32-a0-918-g0f22ef8d61 (webtiles) character file.

Game seed: 16465360920534219719

397 Griffin23 the Slasher (level 6, -1/56 HPs)
             Began as a Minotaur Fighter on Apr 11, 2024.
             Slain by Pikel
             ... wielding a +2 whip of freezing
              (3 damage)
             ... on level 4 of the Dungeon.
             The game lasted 00:03:21 (3742 turns).

Griffin23 the Slasher (Minotaur Fighter)            Turns: 3742, Time: 00:03:21

Health: -1/56      AC:  9    Str: 22    XL:     6   Next: 53%
Magic:  5/5        EV:  7    Int:  5    God:
Gold:   169        SH:  4    Dex: 10    Spells: 5/5 levels left

rFire   . . .        a - +0 long sword
rCold   . . .        c - +0 buckler
rNeg    . . .        v - +0 chain mail
rPois   .            (helmet restricted)
rElec   .            (no cloak)
rCorr   .            (no gloves)
SInv    .            (no boots)
Will    .....        (no amulet) Stlth
                     (no ring)
HPRegen 0.29/turn    (no ring)
MPRegen 0.09/turn

%: no passive effects
@: no status effects
A: horns 2, retaliatory headbutt
a: no special abilities


You were on level 4 of the Dungeon.
You visited 1 branch of the dungeon, and saw 5 of its levels.

You collected 169 gold pieces.

Inventory:

Hand Weapons
 a - a +0 long sword (weapon)
Armour
 b - a +0 scale mail
 c - a +0 buckler (worn)
 v - a +0 chain mail (worn)
Jewellery
 e - an amulet of regeneration
 g - a +6 ring of strength
 h - a +6 ring of strength
 o - an amulet of faith
 z - a +6 ring of intelligence
 A - an amulet of guardian spirit
Scrolls
 i - 3 scrolls of teleportation {unknown}
 j - 2 scrolls of fear {unknown}
 k - 2 scrolls of revelation {unknown}
 l - a scroll of acquirement {unknown}
 m - 3 scrolls of amnesia {unknown}
 p - 5 scrolls of identify {unknown}
 r - a scroll of immolation {unknown}
 s - a scroll of butterflies {unknown}
 u - 2 scrolls of noise {unknown}
 w - 2 scrolls of brand weapon {unknown}
 y - 3 scrolls of enchant weapon {unknown}
 B - a scroll of poison {unknown}
Potions
 d - 3 potions of might
 f - a potion of curing {unknown}
 n - a potion of enlightenment {unknown}
 q - a potion of berserk rage {unknown}
 t - a potion of cancellation {unknown}
 x - a potion of attraction


   Skills:
 + Level 5.2 Fighting
 * Level 5.6 Long Blades
 + Level 5.2 Armour
 - Level 5.0 Shields


You had 5 spell levels left.
You didn't know any spells.
Your spell library was empty.

Dungeon Overview and Level Annotations

Branches:
Dungeon (5/15)
 Temple: D:4-7

Altars:
Uskayaw
The Shining One

Shops:
D:4 :

Annotations:
D:4 Pikel


Innate Abilities, Weirdness & Mutations

You have a pair of horns on your head.
You reflexively headbutt those who attack you in melee.


Message History

Pikel hits you with a +2 whip of freezing.
Pikel freezes you.
You are too injured to fight recklessly!
You are too injured to fight recklessly!
You are too injured to fight recklessly!
You are too injured to fight recklessly!
You slash Pikel!
Pikel is severely wounded.
You block Pikel's attack.
You hit Pikel but do no damage.
Pikel is severely wounded.
Pikel hits you with a +2 whip of freezing.
Pikel freezes you.
You slash Pikel!
Pikel is almost dead.
Pikel hits you with a +2 whip of freezing.
Pikel freezes you.
* * * LOW HITPOINT WARNING * * *
You miss Pikel.
Pikel is almost dead.
Pikel says, "You'll rust in Dis!"
You block Pikel's attack.
You hit Pikel but do no damage.
Pikel is almost dead.
Pikel hits you with a +2 whip of freezing.
* * * LOW HITPOINT WARNING * * *
Pikel freezes you.
* * * LOW HITPOINT WARNING * * *
Pikel hits you with a +2 whip of freezing!
* * * LOW HITPOINT WARNING * * *
Pikel freezes you.
* * * LOW HITPOINT WARNING * * *
You barely miss Pikel.
Pikel is almost dead.
You block Pikel's attack.
You hit Pikel but do no damage.
Pikel is almost dead.
Pikel hits you with a +2 whip of freezing.
You die...
Pikel says, "Another soul for the market."

#
#.#...#.#######...#.#.#
# #######.#####.##..
+...'...# ##
..............##.#
#...#.#.## #.
........########.#
#...#.#..###. ........#
#5# #...#.#...##.
........# #5#
#...#.#.#.... #########
#5# #...#.#.#.... # #K#
#...#.#.#.#.. # #@#
#...#.#.#.### #
#.####...#.#.#.# # #
#..........#.#.# # #
############.#.# #
#.#.# #.#.# #.#.#
############## #.#.#
.............# #.#.#


You could see Pikel and 3 lemures.

Vanquished Creatures
  2 phantoms
  A lemure (D:4)
  A jelly (D:5)
  3 iguanas
  A gnoll (D:1)
  4 adders
  A white imp (D:5)
  3 dart slugs
  3 ribbon worms
  11 orcs (D:3)
  5 ball pythons
  6 endoplasms
  4 giant cockroaches
  7 hobgoblins
  4 quokkas
  5 bats
  2 frilled lizards
  4 goblins
  2 kobolds
  4 rats
73 creatures vanquished.

Notes
Turn   | Place    | Note
-------+----------+-------------------------------------------
     0 | D:1      | Griffin23 the Minotaur Fighter began the quest for the Orb.
     0 | D:1      | Reached XP level 1. HP: 19/19 MP: 0/0
   293 | D:1      | Reached XP level 2. HP: 10/27 MP: 1/1
   896 | D:2      | Reached XP level 3. HP: 33/33 MP: 2/2
  1350 | D:2      | Identified the +7 dagger of Extremism {flame, rElec rC+
                  | rN+}
  1595 | D:3      | Noticed a phantom
  1604 | D:3      | Killed a phantom
  1605 | D:3      | Reached XP level 4. HP: 35/41 MP: 3/3
  1605 | D:3      | Reached XP level 5. HP: 41/47 MP: 4/4
  2394 | D:4      | Noticed a phantom
  2404 | D:4      | Killed a phantom
  2405 | D:4      | Reached skill level 5 in Long Blades
  2405 | D:4      | Reached XP level 6. HP: 29/55 MP: 5/5
  2501 | D:4      | Found a hide-covered altar of Uskayaw.
  2614 | D:4      | Reached skill level 5 in Fighting
  2883 | D:4      | Found Hafiump's Tremendous Tomes.
  2972 | D:4      | Reached skill level 5 in Armour
  3070 | D:4      | You fall into a shaft and drop 1 floor!
  3070 | D:5      | Entered Level 5 of the Dungeon
  3070 | D:5      | Found a glowing golden altar of the Shining One.
  3095 | D:5      | Reached skill level 5 in Shields
  3718 | D:4      | Noticed Pikel
  3740 | D:4      | HP: 1/56 [Pikel/+2 whip of freezing (4)]
  3742 | D:4      | Slain by Pikel

Illustrated notes

Levels and vault maps discovered:
D:1:      wander_arrival_desolate, layout_loops_corners,
          dreamdust_princess_corridor
D:2:      layout_loops_ring, nrook_loot_triangle
D:3:      layout_loops_cross
D:4:      layout_basic, mainiacjoe_overflow_catwalk,
          nicolae_shop_i_like_big_books, uniq_pikel
D:5:      layout_cave_pools, mainiacjoe_overflow_cross_hatched,
          kennysheep_mini_moat, nemelex_xobeh_ov_fountains_minmay,
          nicolae_goblin_pals

Skill      XL: |  1  2  3  4  5  6 |
---------------+-------------------+-----
Long Blades    | 3 4 5 |  5.6
Fighting       | 4 5 |  5.2
Armour         | 4 5 |  5.2
Shields        | 4 5 |  5.0

Action                     |  1- 3 |  4- 6 || total
---------------------------+-------+-------++-------
  Melee: Long sword        |   103 |   136 ||   239
         Headbutt          |    13 |    17 ||    30
    Use: Potion            |       |     1 ||     1
 Armour: Scale mail        |    76 |    20 ||    96
         Chain mail        |       |    63 ||    63
  Dodge: Dodged            |    50 |    43 ||    93
  Block: Buckler           |    17 |    23 ||    40

Table legend: (Time is in decaauts)
 A = Elapsed time spent in this place.
 B = Non-inter-level travel time spent in this place.
 C = Inter-level travel time spent in this place.
 D = Time resting spent in this place.
 E = Time spent auto-exploring this place.
 F = Levels seen in this place.
 G = Mean time per level.
                   A        B        C        D        E       F      G
               +--------+--------+--------+--------+--------+-----+--------+
         Total |   3793 |   3668 |    125 |    247 |   2860 |   5 |  758.6 |
       Dungeon |   3793 |   3668 |    125 |    247 |   2860 |   5 |  758.6 |
               +--------+--------+--------+--------+--------+-----+--------+

Top non-repeatable levels by time:
     D:4: 1275 daAuts
     D:1: 904 daAuts
     D:2: 700 daAuts
     D:3: 678 daAuts
     D:5: 235 daAuts
